General information
- name: BNet
- type: Ladder team game (AT/RT)
- host: Battle.net
- saver: kunt.roII
map: Goldshire
- players: 4
- length: 24:00
- speed: Fast
- version: 1.21 W3XP
- replay type: Public
» download(142 KB)
Players
team 1 (winner)
kunt.roII (
yellow | 97 APM | 2322 actions | 24:00)
6 Blademaster
3 Wind Walk
2 Critical Strike
1 Bladestorm
» actions
| Assign group hotkey | 18 | |
| Basic commands | 20 | |
| Build / train | 67 | |
| ESC pressed | 3 | |
| Enter build submenu | 52 | |
| Enter hero's abilities submenu | 6 | |
| Give item / drop item | 6 | |
| Right click | 1086 | |
| Select / deselect | 211 | |
| Select group hotkey | 708 | |
| Use ability | 145 | |
2322 total
» units
| Peon | 19 | |
| Troll Batrider | 12 | |
| Goblin Sapper | 2 | |
| Kodo Beast | 1 | |
34 total
» upgrades
| Ranged Weapons | 2 | |
| Armor | 1 | |
| Liquid Fire | 1 | |
| Spiked Barricades | 1 | |
5 total
» buildings
| Altar of Storms | 1 | |
| Orc Burrow | 6 | |
| War Mill | 3 | |
| Watch Tower | 29 | |
| Voodoo Lounge | 1 | |
| Stronghold | 4 | |
| Fortress | 2 | |
| Beastiary | 2 | |
| Great Hall | 1 | |
49 total
» build order
00:35 Altar of Storms
00:45 Orc Burrow
01:07 War Mill
01:59 Orc Burrow
02:31 Watch Tower
02:47 Voodoo Lounge
03:56 Watch Tower
03:57 Watch Tower
04:15 Watch Tower
04:56 Watch Tower
05:38 Stronghold
05:50 Watch Tower
05:52 Watch Tower
06:35 Watch Tower
06:59 Watch Tower
07:15 Watch Tower
07:51 Watch Tower
08:09 Fortress
08:09 Fortress
08:12 Beastiary
08:49 Beastiary
08:58 Watch Tower
08:59 Watch Tower
09:05 Orc Burrow
09:12 Orc Burrow
09:27 Watch Tower
09:30 Watch Tower
12:56 War Mill
15:13 Watch Tower
15:13 Watch Tower
15:23 Watch Tower
15:43 Watch Tower
15:44 Watch Tower
17:01 Watch Tower
17:01 Watch Tower
19:29 War Mill
20:44 Great Hall
20:58 Watch Tower
20:58 Watch Tower
20:58 Watch Tower
21:07 Watch Tower
21:08 Watch Tower
21:11 Watch Tower
21:12 Watch Tower
23:29 Stronghold
23:30 Stronghold
23:35 Orc Burrow
23:37 Orc Burrow
» items
| Staff of Teleportation | 1 | |
| Boots of Speed | 1 | |
| Lesser Clarity Potion | 4 | |
| Healing Salve | 3 | |
| Scroll of Speed | 1 | |
| Potion of Lesser Invulnerability | 1 | |
| Potion of Healing | 1 | |
| Orb of Lightning | 1 | |
| Tiny Great Hall | 1 | |
14 total
MrFrosty (
purple | 93 APM | 2236 actions | 23:58)
3 Archmage
2 Blizzard
1 Brilliance Aura
3 Mountain King
2 Storm Bolt
1 Bash
3 Paladin
2 Holy Light
1 Divine Shield
» actions
| Assign group hotkey | 19 | |
| Basic commands | 42 | |
| Build / train | 77 | |
| Enter build submenu | 33 | |
| Enter hero's abilities submenu | 9 | |
| Give item / drop item | 5 | |
| Remove unit from queue | 1 | |
| Right click | 1089 | |
| Select / deselect | 352 | |
| Select group hotkey | 462 | |
| Use ability | 147 | |
2236 total
» units
| Peasant | 13 | |
| Priest | 2 | |
| Sorceress | 3 | |
| Dragonhawk Rider | 1 | |
19 total
» upgrades
| Magic Sentry | 1 | |
| Masonry | 2 | |
| Lumber Harvesting | 1 | |
| Sorceress Training | 2 | |
| Priest Training | 1 | |
7 total
» buildings
| Altar of Kings | 1 | |
| Farm | 6 | |
| Scout Tower | 31 | |
| Lumber Mill | 1 | |
| Arcane Tower | 5 | |
| Guard Tower | 19 | |
| Keep | 1 | |
| Arcane Sanctum | 1 | |
| Castle | 1 | |
| Gryphon Aviary | 1 | |
| Arcane Vault | 1 | |
68 total
» build order
00:07 Altar of Kings
00:35 Farm
00:44 Scout Tower
01:06 Lumber Mill
01:17 Arcane Tower
01:30 Scout Tower
01:39 Farm
01:59 Arcane Tower
02:00 Scout Tower
02:28 Guard Tower
02:30 Scout Tower
03:00 Guard Tower
03:02 Scout Tower
03:48 Guard Tower
03:52 Scout Tower
04:02 Keep
04:04 Farm
04:23 Guard Tower
04:27 Scout Tower
05:35 Arcane Tower
05:36 Scout Tower
06:03 Scout Tower
06:06 Guard Tower
06:11 Farm
06:29 Arcane Sanctum
06:36 Guard Tower
06:39 Scout Tower
07:15 Guard Tower
07:16 Scout Tower
08:50 Guard Tower
08:52 Scout Tower
09:45 Guard Tower
09:47 Scout Tower
09:49 Farm
10:58 Castle
11:44 Guard Tower
11:50 Scout Tower
11:51 Scout Tower
11:52 Scout Tower
11:54 Scout Tower
11:55 Scout Tower
11:55 Scout Tower
11:58 Gryphon Aviary
12:00 Arcane Vault
12:21 Guard Tower
12:27 Scout Tower
12:28 Scout Tower
12:29 Scout Tower
12:47 Arcane Tower
12:48 Guard Tower
13:07 Guard Tower
13:18 Guard Tower
13:40 Scout Tower
13:44 Arcane Tower
13:48 Farm
14:47 Guard Tower
20:42 Scout Tower
20:43 Scout Tower
20:44 Scout Tower
20:45 Scout Tower
20:46 Scout Tower
20:47 Scout Tower
21:24 Guard Tower
21:27 Scout Tower
21:29 Scout Tower
21:43 Guard Tower
21:46 Guard Tower
22:12 Guard Tower
» items
| Boots of Speed | 3 | |
| Staff of Teleportation | 3 | |
| Scroll of Town Portal | 1 | |
| Staff of Sanctuary | 3 | |
| Periapt of Vitality | 1 | |
| Orb of Fire | 1 | |
12 total
team 2 (loser)
MinD.WaRRioR (
teal | 89 APM | 2126 actions | 23:57)
4 Demon Hunter
2 Mana Burn
2 Evasion
» actions
| Assign group hotkey | 13 | |
| Basic commands | 74 | |
| Build / train | 47 | |
| Enter build submenu | 13 | |
| Enter hero's abilities submenu | 5 | |
| Give item / drop item | 2 | |
| Right click | 1339 | |
| Select / deselect | 308 | |
| Select group hotkey | 262 | |
| Use ability | 63 | |
2126 total
» units
| Wisp | 17 | |
| Huntress | 6 | |
| Glaive Thrower | 5 | |
| Dryad | 7 | |
35 total
» buildings
| Altar of Elders | 1 | |
| Moon Well | 6 | |
| Hunter's Hall | 1 | |
| Ancient of War | 2 | |
| Tree of Ages | 2 | |
| Tree of Life | 1 | |
| Ancient of Lore | 2 | |
15 total
» build order
00:25 Altar of Elders
00:30 Moon Well
01:42 Hunter's Hall
01:49 Ancient of War
02:07 Ancient of War
02:23 Moon Well
03:39 Moon Well
06:18 Moon Well
06:20 Moon Well
08:19 Moon Well
09:53 Tree of Ages
11:38 Tree of Life
12:30 Ancient of Lore
13:41 Ancient of Lore
» items
| Scroll of Healing | 2 | |
| Scroll of Protection | 1 | |
| Dust of Appearance | 1 | |
4 total
s.c.a.2 (
orange | 111 APM | 2666 actions | 23:54)
4 Death Knight
2 Death Coil
2 Unholy Aura
» actions
| Assign group hotkey | 146 | |
| Basic commands | 228 | |
| Build / train | 54 | |
| ESC pressed | 1 | |
| Enter build submenu | 31 | |
| Enter hero's abilities submenu | 4 | |
| Give item / drop item | 2 | |
| Right click | 940 | |
| Select / deselect | 306 | |
| Select group hotkey | 892 | |
| Use ability | 62 | |
2666 total
» units
| Acolyte | 2 | |
| Ghoul | 3 | |
| Crypt Fiend | 13 | |
| Obsidian Statue | 3 | |
| Frost Wyrm | 3 | |
| Meatwagon | 3 | |
27 total
» upgrades
| Web | 1 | |
| Destroyer Form | 1 | |
| Freezing Breath | 1 | |
3 total
» buildings
| Graveyard | 1 | |
| Crypt | 2 | |
| Altar of Darkness | 1 | |
| Ziggurat | 9 | |
| Tomb of Relics | 1 | |
| Nerubian Tower | 2 | |
| Halls of the Dead | 4 | |
| Black Citadel | 4 | |
| Sacrificial Pit | 1 | |
| Slaughterhouse | 2 | |
| Boneyard | 2 | |
| Spirit Tower | 2 | |
| Necropolis | 1 | |
32 total
» build order
00:06 Graveyard
00:08 Crypt
00:15 Crypt
00:16 Altar of Darkness
00:27 Ziggurat
01:02 Tomb of Relics
01:47 Ziggurat
03:15 Nerubian Tower
03:16 Nerubian Tower
04:02 Halls of the Dead
04:02 Halls of the Dead
04:03 Halls of the Dead
06:23 Black Citadel
06:23 Black Citadel
06:24 Black Citadel
06:27 Sacrificial Pit
07:12 Slaughterhouse
07:17 Slaughterhouse
08:59 Boneyard
09:07 Boneyard
09:57 Ziggurat
09:59 Ziggurat
11:28 Ziggurat
11:34 Ziggurat
13:35 Ziggurat
15:45 Spirit Tower
15:46 Ziggurat
17:59 Spirit Tower
19:26 Necropolis
21:07 Ziggurat
» items
Chat log
(00:11 / Allies) MrFrosty: recognise sca2
(00:12 / All) s.c.a.2: noob lljk clan
(00:15 / Allies) MrFrosty: hahaa
(00:36 / All) kunt.roII: ?
(00:53 / All) kunt.roII: WaGp and w3st Hacker clan
(00:59 / All) s.c.a.2: ya right
(01:12 / All) s.c.a.2: whatever noob lljk clan
(01:47 / Allies) kunt.roII: ughhh
(01:52 / Allies) kunt.roII: why these faggots
(02:05 / Allies) MrFrosty: i dont think they are hackers?
(02:10 / Allies) kunt.roII: they are in same clan
(02:15 / Allies) MrFrosty: oh are you sure
(02:17 / Allies) kunt.roII: yes
(02:19 / Allies) kunt.roII: def seure
(02:23 / Allies) MrFrosty: faggot
(02:25 / Allies) MrFrosty: shit
(02:56 / All) kunt.roII: hacker
(02:57 / All) kunt.roII: on my tail
(03:03 / All) s.c.a.2: i saw you run
(03:12 / All) kunt.roII: hacker ran away
(03:21 / All) kunt.roII: nice det
(03:38 / Allies) kunt.roII: owned that create
(03:45 / Allies) MrFrosty: ofc.
(03:48 / All) kunt.roII: nice hacking
(03:55 / Allies) MrFrosty: i got the creeps atleast
(03:57 / All) s.c.a.2: ya whatever dude
(03:59 / Allies) MrFrosty: except 1 lil bandit
(04:07 / Allies) kunt.roII: what tome
(04:10 / Allies) MrFrosty: agi
(04:11 / Allies) MrFrosty: tt
(04:17 / Allies) kunt.roII: but u got it?
(04:20 / Allies) MrFrosty: yeah
(04:22 / Allies) kunt.roII: oic
(04:25 / Allies) kunt.roII: f
(04:27 / Allies) kunt.roII: k
(04:33 / Allies) MrFrosty: lol
(06:03 / All) kunt.roII: LOL
(06:07 / All) kunt.roII: hackers get owned
(06:08 / All) s.c.a.2: you guys like long games
(06:11 / All) s.c.a.2: fuck no
(06:15 / All) kunt.roII: u guys like long dicks
(06:21 / All) s.c.a.2: ya whatever noob
(06:25 / All) kunt.roII: i knew it
(06:33 / Allies) MrFrosty: going mk pally tbqh
(06:42 / Allies) kunt.roII: lets creep
(06:43 / Allies) kunt.roII: what we can
(07:21 / Allies) kunt.roII: think we can get big one
(07:29 / Allies) MrFrosty: wait down here
(07:31 / Allies) MrFrosty: ill brink mk
(07:33 / Allies) MrFrosty: bring
(08:40 / All) kunt.roII: hacker clan
(09:00 / Allies) MrFrosty: they arent as good at hacking as the other guys if they are
(09:07 / Allies) kunt.roII: aye
(09:16 / Allies) kunt.roII: still not gonna shutup tho
(10:00 / Allies) MrFrosty: dual wyrm yards
(10:15 / Allies) kunt.roII: needs hu towa
(12:17 / Allies) MrFrosty: dual wyrm yards but massing destro
(12:18 / Allies) MrFrosty: what
(13:47 / Allies) kunt.roII: wagons too
(14:08 / Allies) kunt.roII: scpotted
(14:34 / Allies) kunt.roII: gimme
(14:35 / Allies) kunt.roII: circelt
(14:45 / Allies) kunt.roII: towa this?
(14:54 / Allies) MrFrosty: ugh i need to get sum gold etc
(15:20 / Allies) MrFrosty: nice
(15:21 / Allies) MrFrosty: hacks
(16:00 / All) kunt.roII: LOL
(16:01 / All) kunt.roII: ORANGE LOL
(17:05 / Allies) MrFrosty: lol didnt chain morph
(17:26 / Allies) kunt.roII: elf dead
(17:29 / Allies) kunt.roII: taking otuta game if he doesnt tp now
(18:04 / Allies) kunt.roII: scan expoas
(18:07 / Allies) MrFrosty: i have
(18:09 / Allies) MrFrosty: all clear
(18:11 / Allies) kunt.roII: no wisps i see
(18:41 / Allies) MrFrosty: ok
(18:44 / Allies) MrFrosty: you might want your base
(18:48 / Allies) MrFrosty: i dunno
(18:50 / Allies) kunt.roII: maybe
(19:12 / Allies) kunt.roII: gold me for towa up top
(19:19 / Allies) MrFrosty: thats everything
(19:23 / Allies) kunt.roII: nvm
(19:23 / Allies) kunt.roII: no
(19:24 / Allies) kunt.roII: mill
(19:24 / Allies) kunt.roII: g
(19:25 / Allies) kunt.roII: g
(20:12 / Allies) kunt.roII: where r they
(20:19 / Allies) MrFrosty: no idea
(20:36 / All) kunt.roII: i hope u saved some wisps teal
(21:00 / Allies) kunt.roII: wood?
(21:54 / Allies) MrFrosty: oh
(21:55 / Allies) MrFrosty: nvm
(22:00 / Allies) MrFrosty: i heard meat wagosn
(22:10 / Allies) kunt.roII: yes u did
(22:19 / Allies) kunt.roII: batting it
(22:26 / Allies) kunt.roII: invis
(23:20 / All) kunt.roII: LOL
(23:53 / All) kunt.roII: bye noobs
(23:54 / All) kunt.roII: 2ez